 Dungeon Crawl Stone Soup version 0.20.1-1-g8b1a95d (webtiles) character file.

154 StormFighter the Digger (level 5, -10/28 HPs)
             Began as a Deep Elf Earth Elementalist on July 14, 2017.
             Killed from afar by Ijyb (14 damage)
             ... with a wand of lightning (?/15)
             ... on level 3 of the Dungeon.
             The game lasted 00:05:22 (2403 turns).

StormFighter the Digger (DEEE)                      Turns: 2403, Time: 00:05:22

Health: -10/28     AC:  8    Str:  5    XL:     5   Next: 13%
Magic:  1/14       EV: 13    Int: 21    God:
Gold:   215        SH:  0    Dex: 15    Spells: 9/13 levels left

rFire    . . .     SeeInvis +   c - +0 dagger
rCold    . . .     Gourm    .   (no shield)
rNeg     . . .     Faith    .   o - +0 robe {MR+}
rPois    .         Spirit   .   i - +0 helmet
rElec    .         Reflect  .   q - +0 cloak
rCorr    .         Harm     .   (no gloves)
MR       +....                  (no boots)
Stlth    ++........             (no amulet)
Regen    0.1/turn               j - ring of see invisible
MPRegen  0.2/turn               k - +4 ring of protection

@: very slightly contaminated
A: no striking features
a: no special abilities


You were on level 3 of the Dungeon.
You were not hungry.

You visited 1 branch of the dungeon, and saw 3 of its levels.

You collected 215 gold pieces.

Inventory:

Hand Weapons
 c - a +0 dagger (weapon)
Missiles
 b - 9 stones (quivered)
Armour
 i - a +0 helmet (worn)
 o - a +0 robe of magic resistance (worn)
 q - a +0 cloak (worn)
Jewellery
 j - a ring of see invisible (left hand)
 k - a +4 ring of protection (right hand)
Wands
 n - a wand of digging (10/24)
Scrolls
 f - 3 scrolls of remove curse {unknown}
 l - a scroll of identify {unknown}
 p - a scroll of fear {unknown}
 r - a scroll of teleportation {unknown}
Potions
 g - 2 potions of degeneration {unknown}
 h - 2 potions of lignification {unknown}
Books
 e - a book of Geomancy

   Spells                             Type                      Level
   a - Sandblast                      Earth                        1
   b - Passwall                       Transmutation/Earth          2
   c - Stone Arrow                    Conjuration/Earth            3
   d - Petrify                        Transmutation/Earth          4
   e - Lee's Rapid Deconstruction     Earth                        5
Comestibles
 a - 2 royal jellies
 d - 2 bread rations
 m - a meat ration
 s - 4 chunks of flesh


   Skills:
 - Level 2.4 Dodging
 - Level 2.4 Stealth
 + Level 4.9 Spellcasting
   Level 1.1 Transmutations
 * Level 5.5 Earth Magic


You had 9 spell levels left.
You knew the following spells:

 Your Spells              Type           Power        Failure   Level  Hunger
a - Sandblast             Erth           ####..       1%          1    None
b - Stone Arrow           Conj/Erth      ###...       11%         3    ##.....


Dungeon Overview and Level Annotations

Branches:
Dungeon (3/15)

Altars:

Annotations:
D:3 Ijyb


Message History

Ijyb is lightly wounded.
b - 10 stones Ijyb misses you.
Ijyb hits you but does no damage.
Ijyb zaps a wand.
The bolt of lightning misses you. Ijyb barely misses you.
Casting: Sandblast
Confirm with . or Enter, or press ? or * to list all spells.
Aiming: Sandblast
Press: ? - help, Shift-Dir - straight line, f/p - Ijyb
Aim: Ijyb, wielding a dagger, wearing a ring mail and carrying a wand of lightning (?/15) {zapped: 3} (lightly wounded)
The blast of sand hits Ijyb.
Ijyb is heavily wounded.
b - 9 stones Ijyb zaps a wand.
The bolt of lightning hits you!
Ouch! That really hurt!
* * * LOW HITPOINT WARNING * * *
Ijyb zaps a wand.
The bolt of lightning hits you!
Ouch! That really hurt!
You die...

#...........#
#.....#.##.## #
#.........# ..#
#......##[#
....##..#.)###.#
#.....#....#.#
#.....#.#.# #.##.##.#)#
#.@..รท..#.# +.
#.##g####.# #.
#.##.#.##.#
#.##)##...##.#####.
#+###......))...........
##.....#..##.#....#####..
..........##.#..........
............#.#.#.#......
........).......#........


You could see Ijyb.

Vanquished Creatures
  2 orc priests (D:3)
  An adder (D:3)
  A shadow imp (D:3)
  2 oozes
  A worm (D:3)
  2 dart slugs (D:1)
  2 leopard geckos
  9 orcs (D:3)
  6 bats
  2 giant cockroaches
  7 goblins
  2 hobgoblins (D:2)
  6 kobolds
  6 frilled lizards
  6 rats
55 creatures vanquished.

Notes
Turn   | Place    | Note
-------+----------+-------------------------------------------
     0 | D:1      | StormFighter the Deep Elf Earth Elementalist began the quest for the Orb.
     0 | D:1      | Reached XP level 1. HP: 10/10 MP: 6/6
     0 | D:1      | Noticed a ghoul
     3 | D:1      | Noticed a spriggan
     6 | D:1      | Noticed a troll
     7 | D:1      | Noticed a centaur
    10 | D:1      | Noticed a gargoyle
    12 | D:1      | Noticed a human
    12 | D:1      | Noticed a human
    14 | D:1      | Noticed a centaur
    14 | D:1      | Noticed a vampire
    16 | D:1      | Noticed a spriggan
    16 | D:1      | Noticed an octopode
    16 | D:1      | Noticed a formicid
    18 | D:1      | Noticed a vine stalker
    18 | D:1      | Noticed a formicid
    20 | D:1      | Noticed a dwarf
    92 | D:1      | Reached XP level 2. HP: 8/15 MP: 2/8
   699 | D:1      | Reached skill level 4 in Earth Magic
   946 | D:2      | Reached XP level 3. HP: 19/19 MP: 8/10
  1259 | D:2      | Learned a level 3 spell: Stone Arrow
  1822 | D:3      | Reached XP level 4. HP: 20/24 MP: 9/12
  1823 | D:3      | Reached skill level 5 in Earth Magic
  2054 | D:3      | Noticed Ijyb
  2194 | D:3      | Reached XP level 5. HP: 28/28 MP: 4/14
  2403 | D:3      | Killed from afar by Ijyb

Skill      XL: |  1  2  3  4 |
---------------+-------------+-----
Earth Magic    | 4 5 |  5.5
Spellcasting   | 4 |  4.9
Dodging        | |  2.4
Stealth        | |  2.4
Transmutations | |  1.1

Action                   |  1- 3 |  4- 6 || total
-------------------------+-------+-------++-------
Melee: Unarmed           |       |     2 ||     2
 Cast: Sandblast         |    48 |    20 ||    68
       Stone Arrow       |       |    15 ||    15
  Eat: Chunk             |     3 |     2 ||     5
Armor: Robe              |     1 |     7 ||     8
Dodge: Dodged            |     3 |    14 ||    17
